 Dungeon Crawl Stone Soup version 0.23-a0-143-g1adec7b (webtiles) character file.

78 Amnesiac the Chiller (level 4, -8/30 HPs)
             Began as a Mummy Ice Elementalist on Sept 3, 2018.
             Killed by divine providence
             ... invoked by an orc priest
              (10 damage)
             ... on level 3 of the Dungeon.
             The game lasted 00:03:42 (1520 turns).

Amnesiac the Chiller (Mummy Ice Elementalist)       Turns: 1520, Time: 00:03:42

Health: -8/30      AC:  2    Str: 11    XL:     4   Next: 15%
Magic:  0/9        EV: 12    Int: 15    God:
Gold:   35         SH:  0    Dex: 12    Spells: 1/10 levels left

rFire    x . .     SeeInvis .   d - +1 blowgun
rCold    + . .     Gourm    .   (no shield)
rNeg     + + +     Faith    .   a - +0 robe
rPois    ∞         Spirit   .   (no helmet)
rElec    .         Reflect  .   (no cloak)
rCorr    .         Harm     .   (no gloves)
MR       .....                  (no boots)
Stlth    ++........             (no amulet)
HPRegen  0.10/turn              (no ring)
MPRegen  0.11/turn              (no ring)

@: very slightly contaminated
A: no food or potions, fire vulnerability, cold resistance 1, negative energy
resistance 3, torment resistance, unbreathing
a: no special abilities


You were on level 3 of the Dungeon.
You were not hungry.

You visited 1 branch of the dungeon, and saw 3 of its levels.

You collected 35 gold pieces.

Inventory:

Hand Weapons
 d - a +1 blowgun (weapon)
Armour
 a - a +0 robe (worn)
Jewellery
 b - a cursed ring of see invisible {unknown}
Scrolls
 c - a scroll of identify {!r, unknown}


   Skills:
 - Level 1.5 Dodging
 - Level 1.5 Stealth
 + Level 3.6 Spellcasting
 - Level 0.7 Conjurations
 * Level 3.8 Ice Magic


You had one spell level left.
You knew the following spells:

 Your Spells              Type           Power        Failure   Level  Hunger
a - Freeze                Ice            ##..         4%          1    N/A
b - Summon Ice Beast      Ice/Summ       #.......     65%         4    N/A
d - Throw Icicle          Conj/Ice       #.......     58%         4    N/A

Your spell library contained the following spells:

 Spells                   Type           Power        Failure   Level  Hunger
 Throw Frost              Conj/Ice       #.....       11%         2    N/A
 Ozocubu's Armour         Chrm/Ice       #.......     26%         3    N/A

Dungeon Overview and Level Annotations

Branches:
Dungeon (3/15)

Altars:
The Shining One


Innate Abilities, Weirdness & Mutations

You do not eat or drink.
Your flesh is vulnerable to fire.
You are immune to poison.
Your flesh is cold resistant. (rC+)
You are immune to negative energy. (rN+++)
You are immune to unholy pain and torment.
You can survive without breathing.


Message History

The orc is heavily wounded.
The orc hits you with a whip.
Casting: Freeze (safe; 4% risk of failure)
Confirm with . or Enter, or press ? or * to list all spells.
Aiming: Freeze (safe; 4% risk of failure)
Press: ? - help, Shift-Dir - straight line, f - orc
Aim: an orc, wielding a whip (heavily wounded)
You freeze the orc.
The orc is almost dead.
The orc barely misses you.
You barely miss the orc.
The orc is almost dead.
The orc hits you with a whip.
Casting: Freeze (safe; 4% risk of failure)
Confirm with . or Enter, or press ? or * to list all spells.
Aiming: Freeze (safe; 4% risk of failure)
Press: ? - help, Shift-Dir - straight line, f/p - orc
Aim: an orc, wielding a whip (almost dead)
You freeze the orc.
You kill the orc!
You barely miss the orc priest.
The orc priest hits you with a short sword.
* * * LOW HITPOINT WARNING * * *
Casting: Freeze (safe; 4% risk of failure)
Confirm with . or Enter, or press ? or * to list all spells.
You don't have enough magic to cast that spell.
You hit the orc priest but do no damage.
The orc priest invokes the aid of Beogh against you.
Beogh smites you!
* * * LOW HITPOINT WARNING * * *
Casting: Freeze (safe; 4% risk of failure)
Confirm with . or Enter, or press ? or * to list all spells.
You don't have enough magic to cast that spell.
You are too injured to fight recklessly!
You are too injured to fight recklessly!
Casting: Freeze (safe; 4% risk of failure)
Confirm with . or Enter, or press ? or * to list all spells.
You don't have enough magic to cast that spell.
You are too injured to fight recklessly!
Really read
f - a scroll labeled XAXZAL VIUSCH {!r}?
As you read the scroll labeled XAXZAL VIUSCH {!r}, it crumbles to dust.
It is a scroll of enchant weapon.
Your uncursed blowgun glows red for a moment.
The orc priest barely misses you.
Wield which item (- for none, * to show all)? (? for menu, Esc to quit)
d - a +1 blowgun (weapon)
Quiver which item? (- for none, * to show all) (? for menu, Esc to quit)
Okay, then.
Firing (i - inventory)
e - 2 poisoned needles (quivered)
Press: ? - help, Shift-Dir - straight line, f - orc priest
Aim: an orc priest, wielding a short sword and wearing a ring mail You shoot a poisoned needle.
The poisoned needle hits the orc priest.
The orc priest is poisoned.
The orc priest hits you but does no damage.
Firing (i - inventory)
e - a poisoned needle (quivered)
Press: ? - help, Shift-Dir - straight line, f/p - orc priest
Aim: an orc priest, wielding a short sword and wearing a ring mail (poisoned)
You shoot a poisoned needle.
The poisoned needle hits the orc priest.
The orc priest looks even sicker.
The orc priest invokes the aid of Beogh against you.
Beogh smites you!
You die...

##.#......).)..#
......!....<...#
..#.........#.#
............##.#
.#.#..##...###.######.#
#..## ######.........#
#. ####.###### .. #.###
# #@..# #..o##.# #..#
.# ##. # #


You could see an orc priest.

Vanquished Creatures
  3 gnolls
  2 adders (D:2)
  A worm (D:2)
  2 leopard geckos (D:3)
  4 orcs (D:3)
  A giant cockroach (D:3)
  3 goblins
  2 hobgoblins
  3 kobolds
  2 ball pythons (D:2)
  A bat (D:3)
  A rat (D:1)
25 creatures vanquished.

Notes
Turn   | Place    | Note
-------+----------+-------------------------------------------
     0 | D:1      | Amnesiac the Mummy Ice Elementalist began the quest for the
                  | Orb.
     0 | D:1      | Reached XP level 1. HP: 13/13 MP: 4/4
   200 | D:2      | Reached XP level 2. HP: 17/19 MP: 2/5
   940 | D:3      | Reached XP level 3. HP: 23/24 MP: 4/7
   945 | D:3      | Found a glowing golden altar of the Shining One.
  1095 | D:2      | HP: 1/24 [gnoll/whip (5)]
  1427 | D:3      | Reached XP level 4. HP: 17/30 MP: 0/9
  1484 | D:3      | Learned a level 4 spell: Throw Icicle
  1492 | D:3      | Learned a level 4 spell: Summon Ice Beast
  1520 | D:3      | Killed from afar by an orc priest

Vault maps used:
D:1:      co_arrival_random_square_maze, serial_forest,
          infiniplex_forest_end_double, infiniplex_forest_clump_cross,
          infiniplex_forest_clump_double, infiniplex_forest_lined_room_,
          infiniplex_forest_clump_double, cheibriados_altar_1
D:2:      dk_noncrumbling_3, guppyfry_early_lair_pool
D:3:      kennysheep_the_goblin_king, nicolae_tso_carved_into_rock

Skill      XL: |  1  2 |
---------------+-------+-----
Ice Magic      | 3 |  3.8
Spellcasting   | 3 |  3.6
Dodging        | |  1.5
Stealth        | |  1.5
Conjurations   | |  0.7

Action                   |  1- 3 |  4- 6 || total
-------------------------+-------+-------++-------
Melee: Unarmed           |       |     8 ||     8
 Fire: Blowgun           |       |     2 ||     2
 Cast: Freeze            |    51 |    10 ||    61
  Use: Scroll            |       |     1 ||     1
Armor: Robe              |       |     2 ||     2
Dodge: Dodged            |    27 |     5 ||    32

Table legend:
 A = Non-vault XP
 B = Vault XP
 C = Vault XP percentage of total XP
 D = Non-vault monster count
 E = Vault monster count
 F = Vault count percentage of total count
                 A         B        C        D         E       F
            +---------+---------+-------+---------+---------+-------
      Total |     112 |       0 |   0.0 |      25 |       0 |   0.0
            +---------+---------+-------+---------+---------+-------
        D:1 |       5 |       0 |   0.0 |       3 |       0 |   0.0
        D:2 |      51 |       0 |   0.0 |       8 |       0 |   0.0
        D:3 |      56 |       0 |   0.0 |      14 |       0 |   0.0
            +---------+---------+-------+---------+---------+-------
